Map: Catalyst LE

Players

Ziggy

  • Race: Terran Terran
  • Spawn Location: 11:00

Light - Winner!

  • Race: Protoss Protoss
  • Spawn Location: 5:00

Event: IEM Season 12 - Katowice

VOD

Have the link to the VOD?

Description

Time

  • Played on: Feb. 27, 2018, 5:19 a.m.
  • Length: 11:08

All games in this series

Show
View Real Time Build Order
Export as new Build Order

Ziggy Terran 

Build Orders: MMM Bio 

Get SALT Encoding   

  12  0:00  SCV  
  13  0:12  SCV  
  14  0:17  Supply Depot  
  14  0:24  SCV  
  15  0:28  Refinery  
  15  0:39  SCV  
  16  0:45  Barracks  
  16  0:51  SCV  
  17  1:03  SCV  
  18  1:15  SCV  
  19  1:32  Orbital Command, Marine  
  20  1:43  Barracks  
  20  1:44  Barracks  
  20  1:55  Barracks Tech Lab  
  20  1:57  Supply Depot  
  20  2:03  SCV  
  21  2:14  Marauder  
  23  2:16  Stimpack  
  23  2:19  SCV  
  24  2:28  Supply Depot  
  24  2:30  Marine  
  24  2:31  SCV  
  24  2:32  Marine  
  26  2:40  Marine  
  27  2:48  Marine  
  27  2:49  Marine  
  29  3:05  Command Center  
  29  3:07  Marine  
  30  3:14  Engineering Bay  
  30  3:17  Marine  
  31  3:22  Marauder  
  31  3:24  SCV  
  31  3:26  Marine  
  35  3:35  Marine  
  36  3:41  Missile Turret, Supply Depot  
  36  3:46  Marauder  
  38  3:49  Marine  
  38  3:55  Barracks Tech Lab  
  39  4:03  SCV  
  39  4:08  Marine  
  42  4:10  Barracks Reactor, Factory  
  42  4:15  Combat Shields  
  41  4:18  Concussive Shells  
  41  4:20  SCV  
  42  4:24  Refinery  
  42  4:28  Marauder  
  44  4:34  Orbital Command  
  44  4:37  SCV  
  45  4:40  Marine  
  46  4:47  Marine x2  
  45  4:55  SCV  
  45  4:59  Marauder x2  
  50  5:02  SCV  
  50  5:06  Starport  
  51  5:10  SCV  
  51  5:13  Marine  
  53  5:14  SCV  
  53  5:15  Factory Reactor  
  53  5:21  Supply Depot  
  54  5:22  SCV  
  54  5:26  Marauder  
  57  5:29  Marauder  
  57  5:31  SCV  
  60  5:37  Supply Depot, Marine x2  
  60  5:42  SCV  
  63  5:43  Refinery  
  63  5:45  SCV  
  64  5:51  Marine x2  
  63  5:59  Marine x2  
  59  6:06  SCV  
  59  6:09  Marine, Marauder  
  63  6:14  Medivac  
  65  6:19  Medivac  
  65  6:23  SCV x2  
  69  6:27  Marauder  
  69  6:29  Marine x2  
  69  6:31  Marauder  
  69  6:32  Terran Infantry Weapons Level 1  
  75  6:35  SCV  
  75  6:36  Supply Depot  
  75  6:37  SCV  
  77  6:40  Supply Depot  
  77  6:50  Marine  
  78  6:54  Refinery  
  78  6:58  SCV x2, Marine x2, Medivac  
  84  7:03  Marauder  
  86  7:10  SCV  
  75  7:16  Marine x2  
  75  7:17  Marauder  
  75  7:21  SCV, Command Center  
  75  7:22  SCV  
  81  7:25  Medivac  
  83  7:34  Barracks  
  83  7:36  Barracks  
  83  7:40  Marine x2, Armory  
  83  7:41  Marauder  
  87  7:46  SCV x2  
  89  7:53  Marine  
  89  7:55  Medivac  
  89  7:58  SCV x2, Marine  
  90  8:02  Marauder  
  94  8:08  Engineering Bay  
  94  8:15  Liberator  
  94  8:18  Supply Depot  
  94  8:19  Supply Depot  
  94  8:30  Marine  
  94  8:31  SCV  
  94  8:32  Marine, Marauder  
  94  8:33  SCV, Marauder  
  90  8:43  Barracks Tech Lab x2  
  90  8:44  Terran Infantry Armor Level 1  
  88  8:49  SCV x2, Barracks  
  88  8:50  Barracks  
  88  8:54  Marauder x2  
  94  8:57  Marine x2  
  93  9:07  Marauder x2  
  93  9:10  SCV, Refinery  
  93  9:14  Refinery  
  93  9:15  Orbital Command, Marauder  
  93  9:16  Marauder  
  94  9:17  Liberator  
  88  9:25  Marine x2  
  88  9:28  Marine x2  
  92  9:36  Marine  
  96  9:40  Barracks Reactor, Barracks Tech Lab  
  96  9:43  Marine x3  
  99  9:47  Marauder  
  99  9:51  Marine  
  102  9:54  SCV x2, Marine  
  102  9:58  SCV  
  106  10:00  Liberator x2  
  106  10:01  Marine x2  
  106  10:05  Marine  
  106  10:06  SCV x2, Marine  
  112  10:08  Marauder  
  112  10:09  Marauder  
  112  10:10  SCV  
  119  10:22  Marine x2  
  119  10:23  Marauder  
  123  10:29  Marine x2  
  123  10:31  Marine  
  123  10:33  Marauder  
  121  10:35  Marine  
  121  10:36  Supply Depot, Marauder  
  121  10:40  Marine  
  121  10:42  Marine  
  110  10:44  Marauder  
  110  10:47  Marine x2  
  110  10:49  Marine  
Show
View Real Time Build Order
Export as new Build Order

Light Protoss - Winner!

Build Orders:  

Get SALT Encoding   

  12  0:00  Probe  
  13  0:12  Probe  
  14  0:17  Pylon  
  14  0:25  Probe (Chrono Boost)  
  15  0:37  Probe (Chrono Boost), Gateway  
  16  0:44  Probe (Chrono Boost)  
  16  0:48  Assimilator  
  17  0:52  Assimilator  
  17  0:55  Probe  
  18  1:07  Probe  
  19  1:16  Gateway  
  19  1:19  Probe  
  19  1:24  Cybernetics Core  
  20  1:31  Probe  
  21  1:34  Pylon  
  21  1:43  Probe  
  22  1:55  Probe  
  22  1:58  Adept (Chrono Boost)  
  25  2:01  Robotics Facility  
  25  2:08  Probe  
  26  2:09  Pylon  
  26  2:12  Warp Gate (Chrono Boost)  
  25  2:37  Stalker  
  27  2:46  Nexus  
  27  3:05  Probe  
  32  3:11  Robotics Bay, Stalker  
  30  3:18  Probe  
  31  3:28  Shield Battery  
  31  3:30  Probe  
  32  3:39  Warp Prism (Chrono Boost)  
  34  3:42  Probe  
  34  3:48  Gateway  
  34  4:04  Disruptor (Chrono Boost)  
  34  4:07  Gateway  
  37  4:10  Sentry  
  37  4:13  Probe  
  40  4:20  Probe  
  41  4:25  Probe  
  41  4:30  Disruptor (Chrono Boost)  
  44  4:38  Stalker  
  46  4:59  Disruptor  
  50  5:00  Probe x2 (Chrono Boost)  
  51  5:12  Probe (Chrono Boost)  
  53  5:14  Assimilator  
  53  5:18  Probe (Chrono Boost)  
  53  5:20  Probe (Chrono Boost), Pylon  
  54  5:38  Probe x2  
  54  5:39  Pylon, Stalker x3  
  62  5:47  Pylon  
  62  5:57  Probe x2  
  64  6:09  Probe x2, Zealot  
  64  6:10  Adept x2, Disruptor (Chrono Boost)  
  72  6:20  Assimilator  
  72  6:22  Probe x2  
  74  6:28  Twilight Council  
  74  6:34  Probe x2  
  74  6:38  Stalker  
  78  6:41  Pylon  
  78  6:43  Pylon  
  78  6:50  Gravitic Drive  
  78  6:56  Pylon  
  78  6:57  Disruptor (Chrono Boost)  
  78  6:59  Probe x2  
  78  7:00  Stalker  
  85  7:03  Blink (Chrono Boost)  
  85  7:12  Probe x2  
  87  7:18  Stalker x2  
  91  7:24  Probe  
  90  7:34  Disruptor (Chrono Boost)  
  88  7:39  Nexus  
  88  7:41  Pylon  
  91  7:55  Stalker x3  
  97  8:01  Gateway  
  97  8:03  Gateway  
  97  8:04  Observer (Chrono Boost)  
  98  8:19  Probe x2, Pylon  
  100  8:22  Pylon, Disruptor (Chrono Boost)  
  103  8:31  Probe  
  85  8:44  Stalker x3  
  91  8:50  Disruptor  
  91  8:54  Pylon, Gateway  
  94  8:56  Pylon  
  94  8:58  Stalker x2  
  94  9:00  Gateway  
  96  9:26  Probe, Stalker x5  
  96  9:27  Probe x2  
  109  9:31  Charge (Chrono Boost)  
  109  9:38  Probe  
  109  9:39  Probe x2  
  109  9:41  Forge  
  112  9:45  Disruptor (Chrono Boost)  
  112  9:51  Probe  
  116  9:53  Robotics Facility  
  116  10:04  Stalker x2  
  116  10:05  Stalker  
  118  10:19  Zealot  
  118  10:20  Zealot x3  
  126  10:29  Stalker  
  126  10:37  Nexus  
  126  10:39  Pylon  
  117  10:43  Zealot  
  117  10:44  Zealot x5  

Tags
 
Add a new tag
Caveats
  • Supply blocks, unpowered buildings, or Contaminate may cause inaccurate times.
  • Supply counts are checked every 10 seconds.